 Dungeon Crawl Stone Soup version 0.28.0-62-gf88900778d (webtiles) character file.

Game seed: 15426316306259067801

298 cbfl8 the Chopper (level 6, -11/48 HPs)
             Began as a Demonspawn Fighter on Jan 16, 2024.
             Was an Initiate of Hepliaklqana.
             Mangled by an ogre
             ... wielding a +0 giant club
              (20 damage)
             ... on level 4 of the Dungeon.
             The game lasted 00:03:00 (3440 turns).

cbfl8 the Chopper (Demonspawn Fighter)              Turns: 3440, Time: 00:03:00

Health: -11/48     AC:  7    Str: 18    XL:     6   Next: 13%
Magic:  6/6        EV: 13    Int:  9    God:    Hepliaklqana [......]
Gold:   150        SH:  4    Dex: 13    Spells: 5/5 levels left

rFire   . . .      SeeInvis +   a - +0 war axe
rCold   . . .      Faith    .   c - +0 buckler
rNeg    . . .      Spirit   .   b - +0 scale mail
rPois   .          Reflect  .   (no helmet)
rElec   .          Harm     .   f - scarf {shadows}
rCorr   .          Rampage  .   (no gloves)
Will    .....                   (no boots)
Stlth   ..........              (no amulet)
HPRegen 0.16/turn               g - +4 ring of evasion
MPRegen 0.10/turn               q - ring of see invisible

@: no status effects
A: demonic guardian 1, demonic magic 1
a: Renounce Religion


You were on level 4 of the Dungeon.
You worshipped Hepliaklqana.
Hepliaklqana was noncommittal.
You visited 1 branch of the dungeon, and saw 4 of its levels.

You collected 150 gold pieces.

Inventory:

Hand Weapons
 a - a +0 war axe (weapon)
Armour
 b - a +0 scale mail (worn)
 c - a +0 buckler (worn)
 f - a scarf of shadows (worn)
Jewellery
 g - a +4 ring of evasion (left hand)
 o - a ring of protection from cold
 q - a ring of see invisible (right hand)
 u - a ring of resist corrosion
Wands
 p - a wand of mindburst (1) (quivered)
Scrolls
 e - a scroll of magic mapping {unknown}
 h - a scroll of noise {unknown}
 j - 2 scrolls of identify {unknown}
 k - a scroll of silence {unknown}
 m - a scroll of enchant armour {unknown}
 n - a scroll of enchant weapon {unknown}
 t - a scroll of fog {unknown}
 v - a scroll of summoning {unknown}
Potions
 d - 2 potions of curing {unknown}
 i - 2 potions of invisibility {unknown}
 l - a potion of might
 r - a potion of degeneration {unknown}
 s - 2 potions of ambrosia {unknown}


   Skills:
 + Level 3.7 Fighting
 + Level 3.8 Axes
 + Level 3.7 Armour
 + Level 3.1 Shields
 * Level 2.4 Evocations


You had 5 spell levels left.
You didn't know any spells.
Your spell library contained the following spells:

 Spells                   Type           Power      Damage    Failure   Level
 Corpse Rot               Necr/Air       0%         N/A       94%         2
 Gell's Gravitas          Tloc           0%         N/A       99%         3
 Teleport Other           Tloc           0%         N/A       99%         3
 Dispel Undead            Necr           0%         3d6       100%        4
 Death Channel            Necr           0%         N/A       100%        6
 Dispersal                Tloc           0%         N/A       100%        6


Dungeon Overview and Level Annotations

Branches:
Dungeon (4/15)
 Temple: D:4-7

Altars:
Hepliaklqana


Innate Abilities, Weirdness & Mutations

A weak demonic guardian rushes to your aid.
Spells you cast may paralyse adjacent enemies.


Message History

You slash the howler monkey skeleton!
You destroy the howler monkey skeleton!
Found a stone staircase leading down.
You see here a quokka corpse.
You see here a wand of flame (11).
There is a shaft here.
There is a stone staircase leading up here.
You climb upwards.
There is a stone staircase leading down here.
You start resting.
HP restored.
You start waiting.
Done waiting.
You start waiting.
Done waiting.
You climb downwards.
The ogre hits you with a +0 giant club!!
Ouch! That really hurt!
A demonic guardian appears!
There is a stone staircase leading up, spattered with blood here.
You are too injured to fight recklessly!
Aiming: Mindburst
Press: ? - help, Q - select action Shift-Dir - straight line, f - ogre
Aim: an ogre, wielding a +0 giant club (ally target, chance to affect: 74%)
The ogre's mind is blasted!
The ogre misses you.
Unknown command.
Aiming: Mindburst
Press: ? - help, Q - select action Shift-Dir - straight line, f/p - ogre
Aim: an ogre, wielding a +0 giant club (severely wounded, ally target, chance to affect: 74%)
The ogre struggles to resist.
The ogre hits you with a +0 giant club!
* * * LOW HITPOINT WARNING * * *
Aiming: Mindburst
Press: ? - help, Q - select action Shift-Dir - straight line, f/p - ogre
Aim: an ogre, wielding a +0 giant club (severely wounded, ally target, chance to affect: 74%)
The ogre struggles to resist.
Your iron imp barely misses the ogre.
The ogre hits you with a +0 giant club!!
You die...

##...†..... ####.#.#.#####
#.............
#.##.#.#.#####
#######.###...## # ........#
##.## ###
##########.####.#####..
#............##.)......
#####.###O@................
.#........5.###.#####.####.#
........^...# #†#####.# #.#
......./.##.###.....#.####.#
?...#..#.#.................#
....#.†#.#..###..##.#.###..#
............# ##.##.#.# #...
....#.##.##.# #.##.#.# #.##
....#. #..#.# #.##.#.#


You could see an ogre (ally target) and a friendly iron imp (summoned).

Vanquished Creatures
  2 bullfrogs (D:4)
  An iguana (D:4)
  A howler monkey skeleton (D:4)
  4 adders
  An ufetubus (D:4)
  An adder skeleton (D:4)
  A dart slug (D:3)
  4 bats
  9 endoplasms
  3 giant cockroaches
  8 goblins
  5 hobgoblins
  5 quokkas
  6 ball pythons
  4 frilled lizards
  3 kobolds
  4 rats
62 creatures vanquished.

Vanquished Creatures (collateral kills)
  Ijyb (D:3)
  An endoplasm (D:1)
2 creatures vanquished.

Vanquished Creatures (others)
  6 plants (D:3)
6 creatures vanquished.

Grand Total: 70 creatures vanquished

Notes
Turn   | Place    | Note
-------+----------+-------------------------------------------
     0 | D:1      | cbfl8 the Demonspawn Fighter began the quest for the Orb.
     0 | D:1      | Reached XP level 1. HP: 18/18 MP: 1/1
   112 | D:1      | Gained mutation: A weak demonic guardian rushes to your
                  | aid. [demonic ancestry]
   112 | D:1      | Reached XP level 2. HP: 5/24 MP: 2/2
   831 | D:1      | Reached skill level 1 in Evocations
  1121 | D:1      | Reached XP level 3. HP: 26/29 MP: 3/3
  1632 | D:2      | Found a faded altar of an unknown god.
  1770 | D:2      | Gained mutation: Spells you cast may paralyse adjacent
                  | enemies. [demonic ancestry]
  1770 | D:2      | Reached XP level 4. HP: 34/35 MP: 4/4
  2077 | D:3      | Found a hazy altar of Hepliaklqana.
  2127 | D:3      | Noticed Ijyb
  2136 | D:3      | Killed Ijyb
  2921 | D:3      | Became a worshipper of Hepliaklqana the Forgotten
  2980 | D:4      | Noticed a bullfrog
  2984 | D:4      | Killed a bullfrog
  2985 | D:4      | Reached XP level 5. HP: 39/41 MP: 5/5
  3067 | D:4      | Reached XP level 6. HP: 29/48 MP: 6/6
  3440 | D:4      | Mangled by an ogre

Illustrated notes

Levels and vault maps discovered:
D:1:      lemuel_arrival_river_bridge, layout_rooms
D:2:      layout_basic, ebering_ecumenical_altar_ruins
D:3:      layout_basic, nicolae_hepliaklqana_hazy_memory, uniq_ijyb
D:4:      layout_loops_ring, uniq_sigmund

Skill      XL: |  1  2  3  4 |
---------------+-------------+-----
Axes           | 2 3 |  3.8
Evocations     | 1 2 |  2.4
Armour         | 3 |  3.7
Shields        | 3 |  3.1
Fighting       | |  3.7

Action                   |  1- 3 |  4- 6 || total
-------------------------+-------+-------++-------
Melee: War axe           |   107 |    78 ||   185
Evoke: Wand              |       |     3 ||     3
  Use: Potion            |     1 |       ||     1
Armor: Scale mail        |    64 |    31 ||    95
Dodge: Dodged            |    99 |    64 ||   163
Block: Buckler           |    36 |    19 ||    55
